 Dungeon Crawl Stone Soup version 0.29.1-14-g9c671dbff4 (webtiles) character file.

Game seed: 6896954746906012662

128 MysteronAgent613 the Sneak (level 4, -2/20 HPs)
             Began as a Felid Air Elementalist on Feb 15, 2023.
             Was a Believer of Cheibriados.
             Slain by a steam dragon (8 damage)
             ... on level 4 of the Dungeon.
             The game lasted 00:18:01 (4098 turns).

MysteronAgent613 the Sneak (Felid Air Elementalist) Turns: 4098, Time: 00:18:02

Health: -2/20      AC:  3    Str: 11    XL:     4   Next: 87%
Magic:  7/9        EV: 23    Int: 21    God:    Cheibriados [**....]
Gold:   322        SH:  0    Dex: 22    Spells: 3/8 levels left
                                        Lives:  0   Deaths: 1

rFire   . . .      SeeInvis +     - Unarmed
rCold   . . .      Faith    .   (shield unavailable)
rNeg    . . .      Spirit   .   (body armour unavailable)
rPois   .          Reflect  .   (helmet unavailable)
rElec   .          Harm     .   (cloak unavailable)
rCorr   .          Rampage  .   (gloves unavailable)
Will    .....                   (boots unavailable)
Stlth   +++.......              n - amulet of regeneration
HPRegen 0.00/turn               b - +4 ring of evasion
MPRegen 0.11/turn               (no ring)

@: inhibited regen, very slow
A: very small, claws 1, fangs 3, see invisible, speed 1, shaggy fur 1, stealthy
paws, no weapons or thrown items, no armour, multi-lived, iridescent scales 1,
robust 1, inhibited regeneration
a: Renounce Religion, Bend Time


You were on level 4 of the Dungeon.
You worshipped Cheibriados.
Cheibriados was pleased with you.
You visited 1 branch of the dungeon, and saw 4 of its levels.

You collected 322 gold pieces.

Inventory:

Jewellery
 b - a +4 ring of evasion (left paw)
 n - an amulet of regeneration (around neck)
Wands
 a - a wand of roots (4)
Scrolls
 d - a scroll of vulnerability
 h - 3 scrolls of teleportation
 i - a scroll of enchant weapon
 k - a scroll of amnesia {unknown}
 l - a scroll of summoning {unknown}
Potions
 e - 2 potions of flight
 f - 3 potions of brilliance
 g - a potion of attraction
 j - a potion of berserk rage {unknown}
 m - a potion of magic


   Skills:
 * Level 1.2 Fighting
 * Level 3.4 Dodging
 * Level 4.4 Stealth
 * Level 1.3 Unarmed Combat
 * Level 2.7 Spellcasting
 * Level 1.6 Conjurations
 * Level 2.1 Hexes
 * Level 1.0 Ice Magic
 * Level 3.3 Air Magic
 * Level 0.2 Invocations
 * Level 0.5 Evocations


You had 3 spell levels left.
You knew the following spells:

 Your Spells              Type           Power      Damage    Failure   Level
a - Shock                 Conj/Air       52%        1d6       4%          1
b - Static Discharge      Conj/Air       13%        3-5/arc   8%          2
c - Ensorcelled Hibernat  Hex/Ice        18%        N/A       11%         2

Your spell library contained the following spells:

 Spells                   Type           Power      Damage    Failure   Level
 Slow                     Hex            44%        N/A       5%          1
 Swiftness                Air            17%        N/A       11%         3
 Sandblast                Erth           4%         2d4       14%         1
 Confusing Touch          Hex            11%        N/A       17%         3
 Passwall                 Tmut/Erth      1%         N/A       21%         2
 Mephitic Cloud           Conj/Pois/Air  9%         N/A       21%         3
 Summon Guardian Golem    Hex/Summ       7%         N/A       26%         3
 Stone Arrow              Conj/Erth      12%        3d7       30%         3
 Ignite Poison            Fire/Tmut/Pois 2%         N/A       38%         3
 Vampiric Draining        Necr           2%         2d6       38%         3
 Airstrike                Air            8%         2d(2-18)  34%         4
 Freezing Cloud           Conj/Ice/Air   5%         6-21      86%         5
 Orb of Destruction       Conj           4%         9d5       100%        7
 Spellforged Servitor     Conj/Summ      3%         N/A       100%        7


Dungeon Overview and Level Annotations

Branches:
Dungeon (4/15)             Temple (0/1) D:4

Altars:
Cheibriados
Hepliaklqana

Shops:
D:1 =   D:2 [


Innate Abilities, Weirdness & Mutations

You have sharp claws.
You have razor-sharp teeth.
You have supernaturally acute eyesight. (SInv)
You cover ground quickly. (Speed+)
You are covered in fur. (AC +1)
Your paws help you pounce on unaware monsters.
You are incapable of wielding weapons or throwing items.
You cannot wear armour.
You gain extra lives every three experience levels.
You are partially covered in iridescent scales. (AC +2)
You are robust. (+10% HP)
You do not regenerate when monsters are visible.


Message History

The goblin is struck by an arc of lightning!
You kill the goblin!
Cheibriados thoroughly appreciates the change of pace.
Cheibriados raises the support of your attributes as your movement slows.
You are struck by an arc of lightning.
You now have 322 gold pieces (gained 18).
You see here a +0 club.
There is an open door here.
There is an open door here.
You see here a +0 club.
Aiming: Fastroot
Press: ? - help, Shift-Dir - straight line, p - steam dragon The roots erupt in riotous growth!
Roots grab the steam dragon.
The grasping roots constrict the steam dragon!
The steam dragon breathes steam at you. The ball of steam misses you.
The roots lose their grip on something.
Aiming: Fastroot
Press: ? - help, Shift-Dir - straight line, f - steam dragon
Aim: a steam dragon (severely wounded)
The roots erupt in riotous growth!
Roots grab the steam dragon.
The grasping roots constrict the steam dragon.
The steam dragon struggles to escape constriction.
The grasping roots constrict the steam dragon.
The roots release their grip on the steam dragon.
The steam dragon breathes steam at you. The ball of steam hits you!
Ouch! That really hurt!
Unknown command.
Casting: Static Discharge (safe; 8% risk of failure)
Confirm with . or Enter, or press ? or * to list all spells.
The steam dragon is struck by an arc of lightning!
The steam dragon is almost dead.
You are struck by an arc of lightning.
* * * LOW HITPOINT WARNING * * *
The lightning grounds out.
You are engulfed in a cloud of scalding steam.
The steam dragon bites you!
You die...

......#########....# #...##.....#
......# #..... #..........#
......# +......+........<.#
......'...# #.....##...##.....#
#.....#..### ########...##.....#
#.....#..##..##..........##.....#
####### .......§§...§....##.....#
.!...##§D######..##.....# ....
#.@# #..##.....#
.......§......#...).....'
.......§......#...#.....#
###.###..######...####### #
##########..## # #............# #
#............# # #.[..........# #
#............# #


You could see a steam dragon (catching breath).

Vanquished Creatures
  A black bear (D:3)
  A hound (D:4)
  An iguana (D:4)
  5 adders
  A dart slug (D:2)
  5 ball pythons
  3 endoplasms
  3 giant cockroaches
  2 hobgoblins
  5 kobolds
  4 quokkas
  3 bats
  3 frilled lizards (D:2)
  4 goblins
  7 rats
48 creatures vanquished.

Vanquished Creatures (others)
  2 plants (D:3)
2 creatures vanquished.

Grand Total: 50 creatures vanquished

Notes
Turn   | Place    | Note
-------+----------+-------------------------------------------
     0 | D:1      | MysteronAgent613 the Felid Air Elementalist began the quest
                  | for the Orb.
     0 | D:1      | Reached XP level 1. HP: 7/7 MP: 4/4
   146 | D:1      | Reached skill level 1 in Conjurations
   436 | D:1      | Found Ciuhay's One-of-a-Kind Rings.
   450 | D:1      | Reached XP level 2. HP: 11/11 MP: 6/6
   453 | D:1      | Learned a level 2 spell: Static Discharge
   625 | D:1      | Learned a level 2 spell: Ensorcelled Hibernation
  1104 | D:2      | Found a faded altar of an unknown god.
  1145 | D:2      | Found Wiopiacu's Antique Armour Boutique.
  1176 | D:2      | Prayed at the altar of an unknown god.
  1176 | D:2      | Became a worshipper of Cheibriados the Contemplative
  1176 | D:2      | Reached * piety under Cheibriados
  1598 | D:2      | Reached skill level 3 in Stealth
  1598 | D:2      | Reached XP level 3. HP: 8/15 MP: 4/7
  1625 | D:2      | Gained mutation: You are partially covered in iridescent
                  | scales. (AC +2) [potion of mutation]
  1625 | D:2      | Gained mutation: You do not regenerate when monsters are
                  | visible. [potion of mutation]
  1625 | D:2      | Gained mutation: You are robust. (+10% HP) [potion of
                  | mutation]
  2611 | D:3      | Found a hazy altar of Hepliaklqana.
  2628 | D:3      | Identified the +6 trident of Beloj {holy, +Blink Str+3}
  2658 | D:3      | Reached skill level 1 in Hexes
  2830 | D:3      | Noticed a black bear
  2951 | D:3      | Killed a black bear
  2952 | D:3      | Reached skill level 1 in Fighting
  2952 | D:3      | Reached skill level 4 in Stealth
  2952 | D:3      | Reached skill level 1 in Unarmed Combat
  2952 | D:3      | Reached XP level 4. HP: 8/20 MP: 1/8
  2952 | D:3      | Reached XP level 5. HP: 9/24 MP: 1/9
  3132 | D:4      | Reached ** piety under Cheibriados
  3318 | D:4      | Reached skill level 1 in Ice Magic
  3522 | D:4      | Found a staircase to the Ecumenical Temple.
  3736 | D:4      | Noticed a steam dragon
  3741 | D:4      | HP: 1/24 [steam dragon] (7)]
  3741 | D:4      | Killed from afar by a steam dragon
  3742 | D:4      | Reached XP level 4. HP: -12/20 MP: 6/9
  4098 | D:4      | Slain by a steam dragon

Illustrated notes

Levels and vault maps discovered:
D:1:      amcnicky_arrival_underground_garden, layout_basic,
          minmay_misc_feat_alley, nicolae_shop_unique_rings, minmay_tetromino_o4
D:2:      wad_river_or_something, layout_loops_ring, serial_shops,
          nicolae_square_shop, ebering_ecumenical_altar_abandoned
D:3:      layout_rooms, nicolae_hepliaklqana_hazy_memory, hex_medium,
          grunt_ministairs_11
D:4:      layout_gridville, minmay_temple_entry_gardened_gates

Skill      XL: |  1  2  3  4  5 |
---------------+----------------+-----
Conjurations   | 1 |  1.6
Air Magic      | 3 |  3.3
Stealth        | 3 4 |  4.4
Dodging        | 3 |  3.4
Hexes          | 1 2 |  2.1
Fighting       | 1 |  1.2
Unarmed Combat | 1 |  1.3
Ice Magic      | 1 |  1.0
Spellcasting   | |  2.7
Invocations    | |  0.2
Evocations     | |  0.5

Action                   |  1- 3 |  4- 6 || total
-------------------------+-------+-------++-------
Melee: Unarmed           |    24 |    10 ||    34
       Bite              |     2 |       ||     2
 Cast: Shock             |     9 |       ||     9
       Static Discharge  |    24 |    10 ||    34
       Ensorcelled Hiber |     4 |     4 ||     8
Evoke: Wand              |       |     5 ||     5
  Use: Scroll            |     8 |     2 ||    10
       Potion            |     2 |       ||     2
 Stab: Sleeping          |    12 |     8 ||    20
Armor: Skin              |     5 |     1 ||     6
Dodge: Dodged            |    48 |    27 ||    75
